Mobius II, chaotic male elven Wizard ----- --------- |<..--- ------.......-- ------- |.....---|[).......--..| |.....| --..|....|%---------|..| |.(_..| --.|-...%[---- ---- |..)..| ------ --|.........|--- ----- ---|--- |..-.| ----.|....|..----...-- |.| |.)|.| -----..|....|......-.. |.| |..|.|--- ------ |..|)...%........-.-[-- ---|....| |.%I.| --......---..........%----- |.|..| |....| |.....%..|...|...........---|.|..| ---|--------....-------...---......-|.|--- --- -)---...-|...-- --...|..---...|.-- . |..|-.........|..--- --.....|-.[..|.@u. |..-....).....(....-+--- --..- .......... -----.....%....----...... ... |...`...p. |..............-- --+--.- ----......... |.-----.........| --.......- |...| --..------- ---...--- |...| --- ---- --- Mobius II the Thaumaturge Experience level: 6 Strength: 10 Dexterity: 12 Constitution: 16 Intelligence: 19 Wisdom: 12 Charisma: 9 Health: 0(25) Energy: 48(48) Def: 10 Gold: 421 Moves: 2116 Dungeon seed: uObDTDFVzUQt86eb Game ID: Mobius II_1540482798 Your Inventory: Coins $ - 421 gold pieces Weapons a - a blessed +1 quarterstaff (weapon in hands) Armor e - a blessed +0 cloak of magic resistance (being worn) r - a blessed +1 elven mithril-coat (being worn) y - an uncursed +0 dwarvish iron helm (being worn) N - an uncursed +0 pair of low boots (being worn) Comestibles k - an uncursed egg x - an uncursed lembas wafer A - an uncursed fortune cookie D - an uncursed tripe ration Potions G - an uncursed potion of object detection Rings p - an uncursed ring of polymorph control Wands b - an uncursed wand of striking (0:4) n - an uncursed wand of cancellation (0:6) s - an uncursed wand of speed monster (0:6) E - an uncursed wand of opening (0:5) Tools o - an uncursed skeleton key t - an uncursed tin whistle w - an uncursed blindfold H - an uncursed mirror I - 2 uncursed partly used tallow candles (lit) (0:184) Spells and supernatural/magical abilities: Spell marked with ':' is quivered. Name Level Category Cost Memory a - force bolt 1 : attack 5pw 97% j - jumping 1 escape 5pw 100% m - magic missile 2 attack 10pw 100% I - identify 2 divination 21pw 100% W - pray for help -- divine ? -- Your skills at the end: Fighting Skills wands [Basic] Weapon Skills quarterstaff [Basic] Spellcasting Skills attack spells [Basic] enchantment spells [Basic] Final Attributes: You had transgressed. You were immune to sleep. You were magic resistant. You saw invisible. You had infravision. You were lucky. Anhur was noncommittal. You are dead. Vanquished creatures: a watchman a gnome king a water nymph a rock mole 4 gnome lords 3 gnomish wizards a giant ant 5 dwarves 12 hill orcs 2 coyotes a hobbit 3 giant rats 12 gnomes 2 jackals 2 foxes 5 goblins a bat 2 lichens 3 newts 62 creatures vanquished. Voluntary challenges: You used a wielded weapon 3 times, starting on turn 1936. You read items or engraved 13 times, starting on turn 9. You never genocided any monsters. You never polymorphed an object. You never changed form. You used no wishes. You never split a pudding. You never wrote Elbereth's name. You violated your moral code, losing 36 points of alignment, starting on turn 1714. Dungeon overview: The Dungeons of Doom: levels 1 to 2 Level 1 an altar to Thoth a long staircase Level 2 a fountain, a sink stairs to The Gnomish Mines The Gnomish Mines: levels 3 to 6 Level 3 stairs to The Dungeons of Doom Level 6 <- You were here a delicatessen, a temple to Anhur, a fountain History has recorded: On T:1 you entered the Dungeons of Doom to retrieve the Amulet of Yendor! On T:369 you reached level 2 of The Dungeons of Doom. On T:533 you advanced to experience level 2. On T:747 you advanced to experience level 3. On T:1072 you reached level 1 of The Gnomish Mines. On T:1086 you advanced to experience level 4. On T:1163 you advanced to experience level 5. On T:1320 you reached level 4 of The Gnomish Mines. On T:1550 you advanced to experience level 6. Score breakdown: Gold: 421 ( 8930 points) Experience: 6 levels (12456 points) Exploration: 6 levels ( 12.00%) ( 9583 points) Discoveries: 14 items ( 4.88%) ( 6625 points) Valuables value: (no points given unless you survive) Artifact value: 0 ( 0 points) Variety of kills: 19 monsters ( 5.00%) ( 6708 points) Turncount: 2116 turns ( -84 points) Survival: died (score multiplied by 80%) Total score: 35374 Latest messages: You succeed in unlocking the door. [2 turns] The door resists! (2x) The door opens. The force bolt hits the gnome lady! The gnome lady wields a dagger! The force bolt hits the gnome lady! The gnome lady is killed! There are a few objects here. There are a few objects here. I - 2 tallow candles. Your tallow candles' flames burn brightly! The gray unicorn butts! The gray unicorn kicks! The gray unicorn butts! The gray unicorn kicks! You die... Final status: Goodbye Mobius II the Wizard, killed by a gray unicorn... You died in The Gnomish Mines on dungeon level 6 with 35374 points, and 421 pieces of gold, after 2116 moves. You were level 6 with a maximum of 25 hit points when you died.